Kelowna Rockets vs Havana Tropicals
Created - Friday, June 9, 2023 at 07:03
Goals
|
| Kelowna Rockets |
4 |
1 |
0 |
5 |
| Havana Tropicals |
2 |
0 |
1 |
3 |
|
Shots
|
| Kelowna Rockets |
10 |
7 |
6 |
23 |
| Havana Tropicals |
13 |
6 |
16 |
35 |
|
1st period
1. Kelowna Rockets , Jesse Ylonen 46 (Ty Dellandrea 70, Matias Maccelli 34) at 5:38
2. Havana Tropicals , Emil Bemstrom 17 (Philipp Kurashev 21, Pavel Dorofeyev 12) at 14:57
3. Kelowna Rockets , Matias Maccelli 30 (Cale Fleury 39) at 16:01
4. Kelowna Rockets , Jack Drury 13 (Cale Fleury 40, Jacob Perreault 17) at 17:05
5. Havana Tropicals , Pierre-Edouard Bellemare 49 (Teddy Blueger 78, Zach Aston-Reese 60) at 17:49
6. Kelowna Rockets , Ty Dellandrea 42 (Jesse Ylonen 56, Jasper Weatherby 56) at 18:23 (PP)
Penalties :
Oskar Steen (KEL) for Interference (Minor) at 0:35, Jack Drury (KEL) for Roughing (Minor) at 8:47, Darren Raddysh (HAV) for High sticking (Minor) at 11:46, Robert Bortuzzo (HAV) for Tripping (Minor) at 18:11, Robert Bortuzzo (HAV) for Fighting (Major) at 18:42, Ty Dellandrea (KEL) for Fighting (Major) at 18:42, Ty Dellandrea (KEL) for instigated a fight (Minor) at 18:42, Ty Dellandrea (KEL) for instigated a fight (10 Minutes Misconduct) at 18:42
2nd period
7. Kelowna Rockets , Jack Drury 14 (Givani Smith 7) at 15:55
Penalties :
Pavel Dorofeyev (HAV) for Roughing (Minor) at 3:04, Darren Raddysh (HAV) for High sticking (Minor) at 6:50, Oskar Steen (KEL) for Hooking (Minor) at 17:35
3rd period
8. Havana Tropicals , Sammy Blais 22 (Chris Tierney 36, Milan Lucic 14) at 6:38
Penalties :
Robert Bortuzzo (HAV) for Interference (Minor) at 7:00, Jack Drury (KEL) for Hooking (Minor) at 9:35, Milan Lucic (HAV) for Holding (Minor) at 14:56, Matias Maccelli (KEL) for Roughing (Minor) at 15:30
Goalie Stats
Justus Annunen (KEL), 32 saves from 35 shots - (0.914), W, 10-14-3, 60:00 minutes
Arvid Soderblom (HAV), 18 saves from 23 shots - (0.783), L, 11-9-1, 60:00 minutes
Players Stats for Kelowna Rockets
Player Name G A P +/- PIM S H SB GA TA FO MP PP MP PK MP
------------------------------------------------------------------------------------
Alex Peters 0 0 0 1 0 0 1 1 0 1 0/0 10:06 0:00 0:00
Arnaud Durandeau 0 0 0 0 0 0 0 0 0 0 0/0 3:38 0:00 0:00
Cale Fleury 0 2 2 0 0 0 2 5 0 1 0/0 28:15 5:30 6:27
Givani Smith 0 1 1 1 0 0 1 0 0 0 0/0 11:00 0:00 0:00
Jack Drury 2 0 2 1 4 4 0 1 0 1 4/9 16:43 1:04 2:23
Jacob Perreault 0 1 1 1 0 1 0 0 0 0 1/1 13:37 0:20 1:11
Jasper Weatherby 0 1 1 -1 0 2 2 2 3 0 2/5 24:42 4:14 5:18
Jesse Ylonen 1 1 2 -1 0 3 2 0 0 0 2/3 20:22 4:21 3:09
Joe Gambardella 0 0 0 0 0 0 0 0 0 0 0/0 1:06 0:07 0:00
Joel Kiviranta 0 0 0 1 0 1 1 1 0 1 0/1 17:30 4:20 0:54
Lucas Johansen 0 0 0 0 0 0 0 0 0 1 0/0 21:39 3:12 4:02
Matias Maccelli 1 1 2 1 2 7 0 0 1 1 0/0 19:52 3:51 3:59
Max Lajoie 0 0 0 0 0 0 1 4 0 2 0/0 28:15 5:30 6:27
Maxence Guenette 0 0 0 0 0 0 0 0 0 1 0/0 21:39 3:12 4:02
Oskar Steen 0 0 0 1 4 0 0 0 1 0 2/12 14:15 3:34 0:00
Oskari Laaksonen 0 0 0 1 0 0 0 0 0 0 0/0 10:06 0:00 0:00
Roby Jarventie 0 0 0 0 0 0 0 0 0 0 2/6 6:30 2:06 0:00
Ty Dellandrea 1 1 2 -1 17 5 1 0 1 2 10/22 18:45 2:08 4:04
Players Stats for Havana Tropicals
Player Name G A P +/- PIM S H SB GA TA FO MP PP MP PK MP
------------------------------------------------------------------------------------
Alexander Nylander 0 0 0 0 0 0 0 0 2 0 0/0 6:24 0:00 0:00
Chris Tierney 0 1 1 0 0 4 1 0 2 0 13/18 19:42 4:56 4:14
Darren Raddysh 0 0 0 0 4 0 1 0 0 1 0/0 14:24 0:00 1:27
Dean Kukan 0 0 0 0 0 0 1 0 0 1 0/0 12:53 0:41 0:10
Emil Bemstrom 1 0 1 0 0 7 0 0 1 0 0/0 11:58 0:36 0:00
Henrik Borgstrom 0 0 0 0 0 1 0 0 0 0 3/5 6:50 0:02 0:07
Milan Lucic 0 1 1 0 2 2 1 1 0 0 0/0 19:22 5:30 3:46
Nolan Foote 0 0 0 0 0 4 0 0 0 0 0/0 6:24 0:00 0:00
Pavel Dorofeyev 0 1 1 0 2 4 0 0 1 0 0/1 13:11 0:34 0:57
Philipp Kurashev 0 1 1 0 0 1 2 0 0 0 5/7 11:17 0:02 0:00
Pierre-Edouard Bellemare 1 0 1 -1 0 1 2 0 0 1 0/0 20:56 4:57 3:59
Robert Bortuzzo 0 0 0 -1 9 2 0 1 0 0 0/0 22:17 4:07 2:38
Sammy Blais 1 0 1 0 0 3 1 0 2 0 0/0 14:46 4:56 0:00
Teddy Blueger 0 1 1 -1 0 2 1 0 2 0 15/27 20:56 4:57 3:59
Timothy Liljegren 0 0 0 0 0 1 4 2 0 1 0/0 22:19 5:41 4:14
Tucker Poolman 0 0 0 0 0 0 2 0 0 1 0/0 22:34 5:41 4:29
Zach Aston-Reese 0 1 1 -1 0 0 2 2 1 1 0/1 17:42 4:57 0:32
Zach Whitecloud 0 0 0 -1 0 3 5 2 0 0 0/0 25:53 4:48 4:18
3 Stars
1 - Cale Fleury (KEL)
2 - Jack Drury (KEL)
3 - Jesse Ylonen (KEL)
Power Play
Kelowna Rockets - 1 on 6 Attempt(s) - 16.67%
Havana Tropicals - 0 on 6 Attempt(s) - 0.00%
Penalty Kill
Kelowna Rockets - 6 on 6 Attempt(s) - 100.00%
- Score 0 goal in Penalty Kill
Havana Tropicals - 5 on 6 Attempt(s) - 83.33%
- Score 0 goal in Penalty Kill
Team Stat
Kelowna Rockets - Hits : 11 - Faceoff Wins : 23 - Blocked Shots : 14 - Penalty Minutes : 27
Havana Tropicals - Hits : 23 - Faceoff Wins : 36 - Blocked Shots : 8 - Penalty Minutes : 17
Official
Referees : Kendrick Nicholson and Jacob Brenk
Linesman : Shane Heyer and Ryan Gibbons
Game Notes
Robert Bortuzzo beats up Ty Dellandrea at 18:42 of 1st period
Kelowna Rockets
5 vs 5 Forward
Center Left Wing Right Wing Time % Phy DF OF
1 Ty Dellandrea Jasper Weatherby Jesse Ylonen 40 1 2 2
2 Oskar Steen Matias Maccelli Joel Kiviranta 30 1 2 2
3 Jack Drury Givani Smith Jacob Perreault 20 1 2 2
4 Ty Dellandrea Arnaud Durandeau Jasper Weatherby 10 1 2 2
5 vs 5 Defense
Defense Defense Time % Phy DF OF
1 Cale Fleury Max Lajoie 40 1 2 2
2 Lucas Johansen Maxence Guenette 30 1 2 2
3 Alex Peters Oskari Laaksonen 20 1 2 2
4 Max Lajoie Lucas Johansen 10 1 2 2
PowerPlay Forward
Center Left Wing Right Wing Time % Phy DF OF
1 Ty Dellandrea Jasper Weatherby Jesse Ylonen 60 1 2 2
2 Oskar Steen Matias Maccelli Joel Kiviranta 40 1 2 2
PowerPlay Defense
Defense Defense Time % Phy DF OF
1 Cale Fleury Max Lajoie 60 1 2 2
2 Lucas Johansen Maxence Guenette 40 1 2 2
Penalty Kill 4 Players Forward
Center Wing Time % Phy DF OF
1 Ty Dellandrea Jasper Weatherby 60 1 2 2
2 Jesse Ylonen Matias Maccelli 40 1 2 2
Penalty Kill 4 Players Defense
Defense Defense Time % Phy DF OF
1 Cale Fleury Max Lajoie 60 1 2 2
2 Lucas Johansen Maxence Guenette 40 1 2 2
Penalty Kill - 3 Players Forward
Forward Time % Phy DF OF
1 Ty Dellandrea 60 1 2 2
2 Jasper Weatherby 40 1 2 2
Penalty Kill - 3 Players Defense
Defense Defense Time % Phy DF OF
1 Cale Fleury Max Lajoie 60 1 2 2
2 Lucas Johansen Maxence Guenette 40 1 2 2
4 vs 4 Forward
Center Wing Time % Phy DF OF
1 Ty Dellandrea Jasper Weatherby 60 1 2 2
2 Jesse Ylonen Matias Maccelli 40 1 2 2
4 vs 4 Defense
Defense Defense Time % Phy DF OF
1 Cale Fleury Max Lajoie 60 1 2 2
2 Lucas Johansen Maxence Guenette 40 1 2 2
Last Minutes Offensive
Center Left Wing Right Wing Defense Defense
Ty Dellandrea Jasper Weatherby Jesse Ylonen Cale Fleury Max Lajoie
Last Minutes Defensive
Center Left Wing Right Wing Defense Defense
Ty Dellandrea Jasper Weatherby Jesse Ylonen Cale Fleury Max Lajoie
Goaltenders
Starting : Justus Annunen
Backup : Eetu Makiniemi
Extra Forwards
Normal : Roby Jarventie, Ty Dellandrea, Jack Drury - PP : Roby Jarventie, Ty Dellandrea - PK : Jack Drury
Extra Defensemen
Normal : Max Lajoie, Maxence Guenette, Cale Fleury - PP : Cale Fleury - PK : Maxence Guenette, Cale Fleury
Penalty Shots
Ty Dellandrea, Jasper Weatherby, Jesse Ylonen, Matias Maccelli, Oskar Steen
Havana Tropicals
5 vs 5 Forward
Center Left Wing Right Wing Time % Phy DF OF
1 Teddy Blueger Pierre-Edouard Bellemare Zach Aston-Reese 30 1 2 2
2 Chris Tierney Milan Lucic Sammy Blais 30 1 2 2
3 Philipp Kurashev Emil Bemstrom Pavel Dorofeyev 25 1 2 2
4 Henrik Borgstrom Nolan Foote Alexander Nylander 15 1 2 2
5 vs 5 Defense
Defense Defense Time % Phy DF OF
1 Zach Whitecloud Robert Bortuzzo 30 1 2 2
2 Tucker Poolman Timothy Liljegren 30 1 2 2
3 Dean Kukan Darren Raddysh 25 1 2 2
4 Zach Whitecloud Robert Bortuzzo 15 1 2 2
PowerPlay Forward
Center Left Wing Right Wing Time % Phy DF OF
1 Teddy Blueger Pierre-Edouard Bellemare Zach Aston-Reese 50 1 2 2
2 Chris Tierney Milan Lucic Sammy Blais 50 1 2 2
PowerPlay Defense
Defense Defense Time % Phy DF OF
1 Zach Whitecloud Robert Bortuzzo 50 1 2 2
2 Tucker Poolman Timothy Liljegren 50 1 2 2
Penalty Kill 4 Players Forward
Center Wing Time % Phy DF OF
1 Teddy Blueger Pierre-Edouard Bellemare 50 1 2 2
2 Chris Tierney Milan Lucic 50 1 2 2
Penalty Kill 4 Players Defense
Defense Defense Time % Phy DF OF
1 Zach Whitecloud Robert Bortuzzo 50 1 2 2
2 Tucker Poolman Timothy Liljegren 50 1 2 2
Penalty Kill - 3 Players Forward
Forward Time % Phy DF OF
1 Teddy Blueger 50 1 2 2
2 Pierre-Edouard Bellemare 50 1 2 2
Penalty Kill - 3 Players Defense
Defense Defense Time % Phy DF OF
1 Zach Whitecloud Robert Bortuzzo 50 1 2 2
2 Tucker Poolman Timothy Liljegren 50 1 2 2
4 vs 4 Forward
Center Wing Time % Phy DF OF
1 Teddy Blueger Pierre-Edouard Bellemare 50 1 2 2
2 Chris Tierney Milan Lucic 50 1 2 2
4 vs 4 Defense
Defense Defense Time % Phy DF OF
1 Zach Whitecloud Robert Bortuzzo 50 1 2 2
2 Tucker Poolman Timothy Liljegren 50 1 2 2
Last Minutes Offensive
Center Left Wing Right Wing Defense Defense
Teddy Blueger Pierre-Edouard Bellemare Zach Aston-Reese Zach Whitecloud Robert Bortuzzo
Last Minutes Defensive
Center Left Wing Right Wing Defense Defense
Teddy Blueger Pierre-Edouard Bellemare Zach Aston-Reese Zach Whitecloud Robert Bortuzzo
Goaltenders
Starting : Arvid Soderblom
Backup : Daniil Tarasov
Extra Forwards
Normal : Philipp Kurashev, Emil Bemstrom, Pavel Dorofeyev - PP : Philipp Kurashev, Emil Bemstrom - PK : Pavel Dorofeyev
Extra Defensemen
Normal : Dean Kukan, Darren Raddysh, Tucker Poolman - PP : Dean Kukan - PK : Darren Raddysh, Tucker Poolman
Penalty Shots
Teddy Blueger, Pierre-Edouard Bellemare, Chris Tierney, Milan Lucic, Zach Aston-Reese
% Time on Ice - Kelowna Rockets
Lines # - Real PCT - Wanted PCT - Time Play
Normal Forward
1 - 37% - 40% - 14:25
2 - 28% - 30% - 11:01
3 - 26% - 20% - 10:20
4 - 9% - 10% - 3:38
Normal Defense
1 - 40% - 40% - 15:47
2 - 34% - 30% - 13:31
3 - 26% - 20% - 10:06
4 - 0% - 10% - 0:00
PP Forward
1 - 58% - 60% - 5:02
2 - 42% - 40% - 3:40
PP Defense
1 - 63% - 60% - 5:30
2 - 37% - 40% - 3:12
PK Forward
1 - 70% - 60% - 7:20
2 - 30% - 40% - 3:09
PK Defense
1 - 62% - 60% - 6:27
2 - 38% - 40% - 4:02
PK3 Forward
1 - 0% - 60%
2 - 0% - 40%
PK3 Defense
1 - 0% - 60%
2 - 0% - 40%
44 Forward
1 - 71% - 60% - 1:00
2 - 29% - 40% - 0:25
44 Defense
1 - 36% - 60% - 0:31
2 - 64% - 40% - 0:54
Last Minute Offensive - 0:00
Last Minute Defensive - 0:00
Total
Forward - 60:00
Defense - 60:00
|
% Time on Ice - Havana Tropicals
Lines # - Real PCT - Wanted PCT - Time Play
Normal Forward
1 - 31% - 30% - 12:04
2 - 27% - 30% - 10:28
3 - 27% - 25% - 10:28
4 - 16% - 15% - 6:24
Normal Defense
1 - 31% - 30% - 12:06
2 - 30% - 30% - 12:00
3 - 29% - 25% - 11:28
4 - 10% - 15% - 3:50
PP Forward
1 - 48% - 50% - 4:59
2 - 52% - 50% - 5:30
PP Defense
1 - 46% - 50% - 4:48
2 - 54% - 50% - 5:41
PK Forward
1 - 48% - 50% - 4:13
2 - 52% - 50% - 4:29
PK Defense
1 - 49% - 50% - 4:18
2 - 51% - 50% - 4:24
PK3 Forward
1 - 0% - 50%
2 - 0% - 50%
PK3 Defense
1 - 0% - 50%
2 - 0% - 50%
44 Forward
1 - 41% - 50% - 0:35
2 - 59% - 50% - 0:50
44 Defense
1 - 60% - 50% - 0:51
2 - 40% - 50% - 0:34
Last Minute Offensive - 0:00
Last Minute Defensive - 0:00
Total
Forward - 60:00
Defense - 60:00
|
Play-by-Play
1st period
0:01 of 1st period - Jesse Ylonen wins face-off versus Teddy Blueger in neutral zone.
0:09 of 1st period - Max Lajoie is hit by Zach Aston-Reese and loses puck.
0:35 of 1st period - Minor Penalty to Oskar Steen for Interference.
0:36 of 1st period - Ty Dellandrea wins face-off versus Teddy Blueger in Kelowna Rockets zone.
0:47 of 1st period - Snap shot by Ty Dellandrea.
0:47 of 1st period - Stopped by Arvid Soderblom with a rebound.
1:03 of 1st period - Timothy Liljegren is hit by Max Lajoie and loses puck.
1:08 of 1st period - Slapshot by Matias Maccelli.
1:08 of 1st period - Stopped by Arvid Soderblom with a rebound.
2:35 of 1st period - Penalty to Oskar Steen is over, Oskar Steen is back on ice.
2:37 of 1st period - Icing by Teddy Blueger.
2:38 of 1st period - Teddy Blueger wins face-off versus Jack Drury in Havana Tropicals zone.
2:51 of 1st period - Snap shot by Henrik Borgstrom.
2:51 of 1st period - Shot Misses the Net.
3:03 of 1st period - Slapshot by Nolan Foote.
3:03 of 1st period - Stopped by Justus Annunen with a rebound.
4:52 of 1st period - Slapshot by Emil Bemstrom.
4:52 of 1st period - Stopped by Justus Annunen without a rebound.
4:53 of 1st period - Jack Drury wins face-off versus Philipp Kurashev in Kelowna Rockets zone.
5:22 of 1st period - Slapshot by Sammy Blais.
5:22 of 1st period - Shot Misses the Net.
5:34 of 1st period - Wrist shot by Ty Dellandrea.
5:34 of 1st period - Shot Blocked by Zach Aston-Reese.
5:36 of 1st period - Wrist shot by Jesse Ylonen.
5:36 of 1st period - Shot Misses the Net.
5:38 of 1st period - Wrist shot by Ty Dellandrea.
5:38 of 1st period - Deflect By Jesse Ylonen.
5:38 of 1st period - Goal by Jesse Ylonen - Kelowna Rockets : 1 - Havana Tropicals : 0.
5:39 of 1st period - Chris Tierney wins face-off versus Ty Dellandrea in neutral zone.
5:50 of 1st period - Snap shot by Ty Dellandrea.
5:50 of 1st period - Stopped by Arvid Soderblom with a rebound.
7:20 of 1st period - Jacob Perreault is hit by Pierre-Edouard Bellemare and loses puck.
7:45 of 1st period - Off-side.
7:46 of 1st period - Chris Tierney wins face-off versus Ty Dellandrea in neutral zone.
7:59 of 1st period - Wrist shot by Chris Tierney.
7:59 of 1st period - Stopped by Justus Annunen with a rebound.
8:36 of 1st period - Snap shot by Nolan Foote.
8:36 of 1st period - Stopped by Justus Annunen without a rebound.
8:37 of 1st period - Henrik Borgstrom wins face-off versus Jack Drury in Kelowna Rockets zone.
8:40 of 1st period - Snap shot by Nolan Foote.
8:40 of 1st period - Shot Blocked by Jack Drury.
8:42 of 1st period - Snap shot by Nolan Foote.
8:42 of 1st period - Shot Misses the Net.
8:47 of 1st period - Minor Penalty to Jack Drury for Roughing.
8:48 of 1st period - Ty Dellandrea wins face-off versus Chris Tierney in Kelowna Rockets zone.
10:14 of 1st period - Jesse Ylonen is hit by Tucker Poolman and loses puck.
10:47 of 1st period - Penalty to Jack Drury is over, Jack Drury is back on ice.
11:01 of 1st period - Givani Smith is hit by Timothy Liljegren and loses puck.
11:46 of 1st period - Minor Penalty to Darren Raddysh for High sticking.
11:47 of 1st period - Teddy Blueger wins face-off versus Ty Dellandrea in Havana Tropicals zone.
11:47 of 1st period - Teddy Blueger is hit by Cale Fleury.
11:53 of 1st period - Wrist shot by Ty Dellandrea.
11:53 of 1st period - Shot Blocked by Zach Whitecloud.
11:55 of 1st period - Wrist shot by Jesse Ylonen.
11:55 of 1st period - Shot Misses the Net.
11:57 of 1st period - Snap shot by Cale Fleury.
11:57 of 1st period - Shot Blocked by Milan Lucic.
11:59 of 1st period - Snap shot by Ty Dellandrea.
11:59 of 1st period - Shot Misses the Net.
13:46 of 1st period - Penalty to Darren Raddysh is over, Darren Raddysh is back on ice.
13:55 of 1st period - Snap shot by Pavel Dorofeyev.
13:55 of 1st period - Stopped by Justus Annunen without a rebound.
13:56 of 1st period - Jack Drury wins face-off versus Philipp Kurashev in Kelowna Rockets zone.
14:05 of 1st period - Backhand shot by Emil Bemstrom.
14:05 of 1st period - Stopped by Justus Annunen with a rebound.
14:07 of 1st period - Wrist shot by Emil Bemstrom.
14:07 of 1st period - Deflect By Pavel Dorofeyev.
14:07 of 1st period - Stopped by Justus Annunen with a rebound.
14:57 of 1st period - Wrist shot by Emil Bemstrom.
14:57 of 1st period - Goal by Emil Bemstrom - Kelowna Rockets : 1 - Havana Tropicals : 1.
14:58 of 1st period - Chris Tierney wins face-off versus Ty Dellandrea in neutral zone.
15:05 of 1st period - Wrist shot by Jasper Weatherby.
15:05 of 1st period - Stopped by Arvid Soderblom with a rebound.
15:23 of 1st period - Joel Kiviranta is hit by Pierre-Edouard Bellemare and loses puck.
15:43 of 1st period - Icing by Cale Fleury.
15:44 of 1st period - Henrik Borgstrom wins face-off versus Oskar Steen in Kelowna Rockets zone.
16:01 of 1st period - Snap shot by Matias Maccelli.
16:01 of 1st period - Goal by Matias Maccelli - Kelowna Rockets : 2 - Havana Tropicals : 1.
16:02 of 1st period - Ty Dellandrea wins face-off versus Teddy Blueger in neutral zone.
16:05 of 1st period - Backhand shot by Jasper Weatherby.
16:05 of 1st period - Deflect By Jesse Ylonen.
16:05 of 1st period - Shot Blocked by Zach Aston-Reese.
16:05 of 1st period - Puck is out of play.
16:06 of 1st period - Teddy Blueger wins face-off versus Ty Dellandrea in Havana Tropicals zone.
16:06 of 1st period - Teddy Blueger is hit by Jasper Weatherby.
16:35 of 1st period - Wrist shot by Sammy Blais.
16:35 of 1st period - Stopped by Justus Annunen with a rebound.
16:37 of 1st period - Slapshot by Zach Whitecloud.
16:37 of 1st period - Stopped by Justus Annunen with a rebound.
16:39 of 1st period - Wrist shot by Sammy Blais.
16:39 of 1st period - Stopped by Justus Annunen with a rebound.
16:59 of 1st period - Snap shot by Jack Drury.
16:59 of 1st period - Stopped by Arvid Soderblom with a rebound.
17:01 of 1st period - Snap shot by Cale Fleury.
17:01 of 1st period - Shot Misses the Net.
17:03 of 1st period - Snap shot by Jack Drury.
17:03 of 1st period - Shot Misses the Net.
17:05 of 1st period - Slapshot by Jack Drury.
17:05 of 1st period - Goal by Jack Drury - Kelowna Rockets : 3 - Havana Tropicals : 1.
17:06 of 1st period - Teddy Blueger wins face-off versus Ty Dellandrea in neutral zone.
17:11 of 1st period - Snap shot by Pierre-Edouard Bellemare.
17:11 of 1st period - Shot Blocked by Cale Fleury.
17:13 of 1st period - Snap shot by Zach Aston-Reese.
17:13 of 1st period - Shot Blocked by Cale Fleury.
17:15 of 1st period - Slapshot by Pierre-Edouard Bellemare.
17:15 of 1st period - Deflect By Teddy Blueger.
17:15 of 1st period - Shot Misses the Net.
17:15 of 1st period - Puck is out of play.
17:16 of 1st period - Teddy Blueger wins face-off versus Jasper Weatherby in Kelowna Rockets zone.
17:43 of 1st period - Snap shot by Pierre-Edouard Bellemare.
17:43 of 1st period - Shot Hit the Post.
17:45 of 1st period - Backhand shot by Teddy Blueger.
17:45 of 1st period - Shot Misses the Net.
17:47 of 1st period - Wrist shot by Teddy Blueger.
17:47 of 1st period - Shot Misses the Net.
17:49 of 1st period - Slapshot by Pierre-Edouard Bellemare.
17:49 of 1st period - Goal by Pierre-Edouard Bellemare - Kelowna Rockets : 3 - Havana Tropicals : 2.
17:50 of 1st period - Chris Tierney wins face-off versus Oskar Steen in neutral zone.
18:11 of 1st period - Minor Penalty to Robert Bortuzzo for Tripping.
18:12 of 1st period - Jasper Weatherby wins face-off versus Teddy Blueger in Havana Tropicals zone.
18:21 of 1st period - Slapshot by Jesse Ylonen.
18:21 of 1st period - Stopped by Arvid Soderblom with a rebound.
18:23 of 1st period - Slapshot by Ty Dellandrea.
18:23 of 1st period - Goal by Ty Dellandrea - Kelowna Rockets : 4 - Havana Tropicals : 2.
18:24 of 1st period - Ty Dellandrea wins face-off versus Chris Tierney in neutral zone.
18:27 of 1st period - Snap shot by Jasper Weatherby.
18:27 of 1st period - Shot Blocked by Zach Whitecloud.
18:42 of 1st period - Robert Bortuzzo beats up Ty Dellandrea.
18:42 of 1st period - Penalty to Robert Bortuzzo for Fighting.
18:42 of 1st period - Penalty to Ty Dellandrea for Fighting.
18:42 of 1st period - Penalty to Ty Dellandrea for instigated a fight.
18:42 of 1st period - Penalty to Ty Dellandrea for instigated a fight.
18:43 of 1st period - Teddy Blueger wins face-off versus Jack Drury in neutral zone.
19:14 of 1st period - Slapshot by Chris Tierney.
19:14 of 1st period - Shot Blocked by Cale Fleury.
19:16 of 1st period - Slapshot by Chris Tierney.
19:16 of 1st period - Stopped by Justus Annunen with a rebound.
19:18 of 1st period - Snap shot by Chris Tierney.
19:18 of 1st period - Shot Misses the Net.
19:58 of 1st period - Maxence Guenette is hit by Zach Whitecloud and loses puck.
Goals for this period are 4 for Kelowna Rockets vs 2 for Havana Tropicals.
Shots for this period are 10 for Kelowna Rockets vs 13 for Havana Tropicals.
2nd period
0:01 of 2nd period - Jack Drury wins face-off versus Chris Tierney in neutral zone.
0:26 of 2nd period - Pierre-Edouard Bellemare is hit by Cale Fleury and loses puck.
0:42 of 2nd period - Penalty to Ty Dellandrea is over, Joel Kiviranta is send on ice.
1:38 of 2nd period - Icing by Darren Raddysh.
1:39 of 2nd period - Chris Tierney wins face-off versus Oskar Steen in Havana Tropicals zone.
2:05 of 2nd period - Wrist shot by Teddy Blueger.
2:05 of 2nd period - Stopped by Justus Annunen without a rebound.
2:06 of 2nd period - Jacob Perreault wins face-off versus Teddy Blueger in Kelowna Rockets zone.
2:06 of 2nd period - Jacob Perreault is hit by Zach Aston-Reese.
2:12 of 2nd period - Maxence Guenette is hit by Teddy Blueger and loses puck.
2:46 of 2nd period - Jesse Ylonen is hit by Philipp Kurashev and loses puck.
3:04 of 2nd period - Minor Penalty to Pavel Dorofeyev for Roughing.
3:05 of 2nd period - Chris Tierney wins face-off versus Roby Jarventie in Havana Tropicals zone.
3:30 of 2nd period - Cale Fleury is hit by Zach Whitecloud and loses puck.
3:42 of 2nd period - Penalty to Robert Bortuzzo is over, Robert Bortuzzo is back on ice.
4:04 of 2nd period - Oskar Steen is hit by Timothy Liljegren and loses puck.
4:20 of 2nd period - Icing by Roby Jarventie.
4:21 of 2nd period - Teddy Blueger wins face-off versus Roby Jarventie in Kelowna Rockets zone.
5:04 of 2nd period - Penalty to Pavel Dorofeyev is over, Pavel Dorofeyev is back on ice.
6:18 of 2nd period - Icing by Roby Jarventie.
6:19 of 2nd period - Roby Jarventie wins face-off versus Chris Tierney in Kelowna Rockets zone.
6:50 of 2nd period - Minor Penalty to Darren Raddysh for High sticking.
6:51 of 2nd period - Chris Tierney wins face-off versus Roby Jarventie in Havana Tropicals zone.
7:24 of 2nd period - Wrist shot by Milan Lucic.
7:24 of 2nd period - Stopped by Justus Annunen with a rebound.
7:26 of 2nd period - Slapshot by Tucker Poolman.
7:26 of 2nd period - Shot Blocked by Max Lajoie.
7:28 of 2nd period - Snap shot by Tucker Poolman.
7:28 of 2nd period - Shot Hit the Post.
7:30 of 2nd period - Wrist shot by Chris Tierney.
7:30 of 2nd period - Shot Misses the Net.
8:49 of 2nd period - Wrist shot by Pavel Dorofeyev.
8:49 of 2nd period - Stopped by Justus Annunen with a rebound.
8:50 of 2nd period - Penalty to Darren Raddysh is over, Darren Raddysh is back on ice.
9:16 of 2nd period - Slapshot by Robert Bortuzzo.
9:16 of 2nd period - Shot Blocked by Jasper Weatherby.
10:14 of 2nd period - Jack Drury is hit by Timothy Liljegren and loses puck.
10:37 of 2nd period - Snap shot by Oskar Steen.
10:37 of 2nd period - Deflect By Matias Maccelli.
10:37 of 2nd period - Stopped by Arvid Soderblom with a rebound.
11:07 of 2nd period - Wrist shot by Henrik Borgstrom.
11:07 of 2nd period - Shot Misses the Net.
11:32 of 2nd period - Maxence Guenette is hit by Timothy Liljegren and loses puck.
11:57 of 2nd period - Maxence Guenette is hit by Zach Whitecloud and loses puck.
12:36 of 2nd period - Givani Smith is hit by Dean Kukan and loses puck.
12:41 of 2nd period - Snap shot by Philipp Kurashev.
12:41 of 2nd period - Deflect By Emil Bemstrom.
12:41 of 2nd period - Shot Blocked by Jasper Weatherby.
12:41 of 2nd period - Puck is out of play.
12:42 of 2nd period - Oskar Steen wins face-off versus Teddy Blueger in Kelowna Rockets zone.
12:46 of 2nd period - Off-side.
12:47 of 2nd period - Teddy Blueger wins face-off versus Oskar Steen in neutral zone.
13:17 of 2nd period - Tucker Poolman is hit by Jasper Weatherby and loses puck.
13:35 of 2nd period - Icing by Jack Drury.
13:36 of 2nd period - Teddy Blueger wins face-off versus Jack Drury in Kelowna Rockets zone.
13:42 of 2nd period - 10 Minutes Misconduct Penalty to Ty Dellandrea is over.
13:45 of 2nd period - Slapshot by Jack Drury.
13:45 of 2nd period - Stopped by Arvid Soderblom with a rebound.
14:03 of 2nd period - Slapshot by Jack Drury.
14:03 of 2nd period - Shot Misses the Net.
14:25 of 2nd period - Slapshot by Emil Bemstrom.
14:25 of 2nd period - Deflect By Pavel Dorofeyev.
14:25 of 2nd period - Shot Misses the Net.
14:25 of 2nd period - Puck is out of play.
14:26 of 2nd period - Jasper Weatherby wins face-off versus Teddy Blueger in Kelowna Rockets zone.
14:33 of 2nd period - Wrist shot by Ty Dellandrea.
14:33 of 2nd period - Stopped by Arvid Soderblom with a rebound.
14:35 of 2nd period - Snap shot by Jesse Ylonen.
14:35 of 2nd period - Shot Blocked by Timothy Liljegren.
14:37 of 2nd period - Slapshot by Jasper Weatherby.
14:37 of 2nd period - Stopped by Arvid Soderblom without a rebound.
14:38 of 2nd period - Ty Dellandrea wins face-off versus Teddy Blueger in Havana Tropicals zone.
15:21 of 2nd period - Off-side.
15:22 of 2nd period - Chris Tierney wins face-off versus Oskar Steen in neutral zone.
15:48 of 2nd period - Tucker Poolman is hit by Givani Smith and loses puck.
15:55 of 2nd period - Snap shot by Jack Drury.
15:55 of 2nd period - Goal by Jack Drury - Kelowna Rockets : 5 - Havana Tropicals : 2.
15:56 of 2nd period - Teddy Blueger wins face-off versus Jasper Weatherby in neutral zone.
16:21 of 2nd period - Cale Fleury is hit by Sammy Blais and loses puck.
16:26 of 2nd period - Snap shot by Chris Tierney.
16:26 of 2nd period - Stopped by Justus Annunen with a rebound.
17:13 of 2nd period - Snap shot by Emil Bemstrom.
17:13 of 2nd period - Stopped by Justus Annunen without a rebound.
17:14 of 2nd period - Teddy Blueger wins face-off versus Oskar Steen in Kelowna Rockets zone.
17:15 of 2nd period - Slapshot by Zach Aston-Reese.
17:15 of 2nd period - Shot Misses the Net.
17:35 of 2nd period - Minor Penalty to Oskar Steen for Hooking.
17:36 of 2nd period - Chris Tierney wins face-off versus Jasper Weatherby in Kelowna Rockets zone.
18:49 of 2nd period - Snap shot by Jesse Ylonen.
18:49 of 2nd period - Stopped by Arvid Soderblom with a rebound.
18:51 of 2nd period - Snap shot by Jesse Ylonen.
18:51 of 2nd period - Deflect By Matias Maccelli.
18:51 of 2nd period - Shot Blocked by Robert Bortuzzo.
18:51 of 2nd period - Puck is out of play.
18:52 of 2nd period - Teddy Blueger wins face-off versus Jesse Ylonen in Havana Tropicals zone.
19:09 of 2nd period - Slapshot by Chris Tierney.
19:09 of 2nd period - Stopped by Justus Annunen with a rebound.
19:11 of 2nd period - Slapshot by Robert Bortuzzo.
19:11 of 2nd period - Shot Misses the Net.
19:35 of 2nd period - Penalty to Oskar Steen is over, Oskar Steen is back on ice.
19:43 of 2nd period - Snap shot by Jacob Perreault.
19:43 of 2nd period - Stopped by Arvid Soderblom without a rebound.
19:44 of 2nd period - Philipp Kurashev wins face-off versus Jack Drury in Havana Tropicals zone.
19:44 of 2nd period - Philipp Kurashev is hit by Alex Peters.
Goals for this period are 1 for Kelowna Rockets vs 0 for Havana Tropicals.
Shots for this period are 7 for Kelowna Rockets vs 6 for Havana Tropicals.
3rd period
0:01 of 3rd period - Teddy Blueger wins face-off versus Ty Dellandrea in neutral zone.
0:10 of 3rd period - Snap shot by Teddy Blueger.
0:10 of 3rd period - Stopped by Justus Annunen with a rebound.
0:12 of 3rd period - Slapshot by Robert Bortuzzo.
0:12 of 3rd period - Stopped by Justus Annunen with a rebound.
0:14 of 3rd period - Snap shot by Teddy Blueger.
0:14 of 3rd period - Shot Misses the Net.
0:16 of 3rd period - Snap shot by Pierre-Edouard Bellemare.
0:16 of 3rd period - Shot Blocked by Max Lajoie.
1:11 of 3rd period - Snap shot by Ty Dellandrea.
1:11 of 3rd period - Shot Blocked by Timothy Liljegren.
1:21 of 3rd period - Wrist shot by Ty Dellandrea.
1:21 of 3rd period - Stopped by Arvid Soderblom with a rebound.
1:27 of 3rd period - Snap shot by Teddy Blueger.
1:27 of 3rd period - Shot Misses the Net.
1:29 of 3rd period - Slapshot by Teddy Blueger.
1:29 of 3rd period - Shot Misses the Net.
2:25 of 3rd period - Wrist shot by Henrik Borgstrom.
2:25 of 3rd period - Stopped by Justus Annunen with a rebound.
2:49 of 3rd period - Snap shot by Milan Lucic.
2:49 of 3rd period - Shot Misses the Net.
2:51 of 3rd period - Slapshot by Robert Bortuzzo.
2:51 of 3rd period - Stopped by Justus Annunen without a rebound.
2:52 of 3rd period - Jack Drury wins face-off versus Teddy Blueger in Kelowna Rockets zone.
2:52 of 3rd period - Givani Smith is hit by Tucker Poolman and loses puck.
3:43 of 3rd period - Off-side.
3:44 of 3rd period - Teddy Blueger wins face-off versus Roby Jarventie in neutral zone.
4:09 of 3rd period - Jacob Perreault is hit by Chris Tierney.
4:33 of 3rd period - Wrist shot by Pavel Dorofeyev.
4:33 of 3rd period - Deflect By Oskar Steen.
4:33 of 3rd period - Shot Blocked by Max Lajoie.
4:33 of 3rd period - Puck is out of play.
4:34 of 3rd period - Teddy Blueger wins face-off versus Ty Dellandrea in Kelowna Rockets zone.
5:02 of 3rd period - Snap shot by Emil Bemstrom.
5:02 of 3rd period - Deflect By Pavel Dorofeyev.
5:02 of 3rd period - Shot Hit the Post.
5:02 of 3rd period - Puck is out of play.
5:03 of 3rd period - Philipp Kurashev wins face-off versus Oskar Steen in Kelowna Rockets zone.
5:10 of 3rd period - Snap shot by Emil Bemstrom.
5:10 of 3rd period - Shot Blocked by Max Lajoie.
5:30 of 3rd period - Off-side.
5:31 of 3rd period - Ty Dellandrea wins face-off versus Teddy Blueger in neutral zone.
6:16 of 3rd period - Off-side.
6:17 of 3rd period - Philipp Kurashev wins face-off versus Oskar Steen in neutral zone.
6:20 of 3rd period - Snap shot by Pavel Dorofeyev.
6:20 of 3rd period - Stopped by Justus Annunen with a rebound.
6:22 of 3rd period - Slapshot by Philipp Kurashev.
6:22 of 3rd period - Stopped by Justus Annunen with a rebound.
6:24 of 3rd period - Slapshot by Zach Whitecloud.
6:24 of 3rd period - Deflect By Pavel Dorofeyev.
6:24 of 3rd period - Shot Blocked by Joel Kiviranta.
6:24 of 3rd period - Puck is out of play.
6:25 of 3rd period - Ty Dellandrea wins face-off versus Chris Tierney in Kelowna Rockets zone.
6:25 of 3rd period - Ty Dellandrea is hit by Zach Whitecloud.
6:31 of 3rd period - Sammy Blais is hit by Ty Dellandrea and loses puck.
6:38 of 3rd period - Snap shot by Sammy Blais.
6:38 of 3rd period - Goal by Sammy Blais - Kelowna Rockets : 5 - Havana Tropicals : 3.
6:39 of 3rd period - Ty Dellandrea wins face-off versus Zach Aston-Reese in neutral zone.
7:00 of 3rd period - Minor Penalty to Robert Bortuzzo for Interference.
7:01 of 3rd period - Chris Tierney wins face-off versus Ty Dellandrea in Havana Tropicals zone.
8:56 of 3rd period - Icing by Ty Dellandrea.
8:57 of 3rd period - Roby Jarventie wins face-off versus Pavel Dorofeyev in Kelowna Rockets zone.
9:00 of 3rd period - Penalty to Robert Bortuzzo is over, Robert Bortuzzo is back on ice.
9:27 of 3rd period - Jack Drury is hit by Darren Raddysh and loses puck.
9:35 of 3rd period - Minor Penalty to Jack Drury for Hooking.
9:36 of 3rd period - Chris Tierney wins face-off versus Ty Dellandrea in Kelowna Rockets zone.
11:06 of 3rd period - Tucker Poolman is hit by Jesse Ylonen and loses puck.
11:35 of 3rd period - Penalty to Jack Drury is over, Jack Drury is back on ice.
11:39 of 3rd period - Ty Dellandrea is hit by Philipp Kurashev and loses puck.
12:07 of 3rd period - Icing by Dean Kukan.
12:08 of 3rd period - Philipp Kurashev wins face-off versus Oskar Steen in Havana Tropicals zone.
12:14 of 3rd period - Snap shot by Matias Maccelli.
12:14 of 3rd period - Stopped by Arvid Soderblom with a rebound.
12:16 of 3rd period - Slapshot by Matias Maccelli.
12:16 of 3rd period - Stopped by Arvid Soderblom with a rebound.
12:42 of 3rd period - Snap shot by Nolan Foote.
12:42 of 3rd period - Stopped by Justus Annunen with a rebound.
13:15 of 3rd period - Joel Kiviranta is hit by Milan Lucic and loses puck.
14:20 of 3rd period - Slapshot by Zach Whitecloud.
14:20 of 3rd period - Stopped by Justus Annunen with a rebound.
14:56 of 3rd period - Minor Penalty to Milan Lucic for Holding.
14:57 of 3rd period - Chris Tierney wins face-off versus Oskar Steen in Havana Tropicals zone.
14:57 of 3rd period - Chris Tierney is hit by Joel Kiviranta.
15:08 of 3rd period - Icing by Max Lajoie.
15:09 of 3rd period - Chris Tierney wins face-off versus Joel Kiviranta in Kelowna Rockets zone.
15:16 of 3rd period - Snap shot by Pavel Dorofeyev.
15:16 of 3rd period - Shot Blocked by Cale Fleury.
15:30 of 3rd period - Minor Penalty to Matias Maccelli for Roughing.
15:31 of 3rd period - Ty Dellandrea wins face-off versus Teddy Blueger in Kelowna Rockets zone.
15:31 of 3rd period - Ty Dellandrea is hit by Zach Whitecloud.
16:56 of 3rd period - Penalty to Milan Lucic is over, Milan Lucic is back on ice.
17:02 of 3rd period - Slapshot by Emil Bemstrom.
17:02 of 3rd period - Stopped by Justus Annunen with a rebound.
17:30 of 3rd period - Penalty to Matias Maccelli is over, Matias Maccelli is back on ice.
17:36 of 3rd period - Wrist shot by Emil Bemstrom.
17:36 of 3rd period - Stopped by Justus Annunen with a rebound.
17:38 of 3rd period - Slapshot by Tucker Poolman.
17:38 of 3rd period - Shot Blocked by Cale Fleury.
17:40 of 3rd period - Slapshot by Timothy Liljegren.
17:40 of 3rd period - Stopped by Justus Annunen with a rebound.
17:42 of 3rd period - Snap shot by Emil Bemstrom.
17:42 of 3rd period - Stopped by Justus Annunen with a rebound.
17:44 of 3rd period - Wrist shot by Milan Lucic.
17:44 of 3rd period - Stopped by Justus Annunen with a rebound.
17:46 of 3rd period - Slapshot by Emil Bemstrom.
17:46 of 3rd period - Deflect By Pavel Dorofeyev.
17:46 of 3rd period - Shot Misses the Net.
17:46 of 3rd period - Puck is out of play.
17:47 of 3rd period - Henrik Borgstrom wins face-off versus Ty Dellandrea in Kelowna Rockets zone.
17:48 of 3rd period - Snap shot by Nolan Foote.
17:48 of 3rd period - Stopped by Justus Annunen without a rebound.
17:49 of 3rd period - Jesse Ylonen wins face-off versus Henrik Borgstrom in Kelowna Rockets zone.
17:51 of 3rd period - Icing by Ty Dellandrea.
17:52 of 3rd period - Ty Dellandrea wins face-off versus Henrik Borgstrom in Kelowna Rockets zone.
18:05 of 3rd period - Slapshot by Zach Whitecloud.
18:05 of 3rd period - Shot Blocked by Alex Peters.
18:07 of 3rd period - Slapshot by Zach Whitecloud.
18:07 of 3rd period - Stopped by Justus Annunen with a rebound.
18:17 of 3rd period - Snap shot by Joel Kiviranta.
18:17 of 3rd period - Stopped by Arvid Soderblom without a rebound.
18:18 of 3rd period - Oskar Steen wins face-off versus Teddy Blueger in Havana Tropicals zone.
18:19 of 3rd period - Backhand shot by Matias Maccelli.
18:19 of 3rd period - Deflect By Teddy Blueger.
18:19 of 3rd period - Stopped by Arvid Soderblom with a rebound.
18:27 of 3rd period - Snap shot by Matias Maccelli.
18:27 of 3rd period - Stopped by Arvid Soderblom without a rebound.
18:28 of 3rd period - Philipp Kurashev wins face-off versus Ty Dellandrea in Havana Tropicals zone.
19:34 of 3rd period - Darren Raddysh is hit by Jesse Ylonen.
Goals for this period are 0 for Kelowna Rockets vs 1 for Havana Tropicals.
Shots for this period are 6 for Kelowna Rockets vs 16 for Havana Tropicals.
Back to the Top